AoeStats
← D-Zine

Black Forest

505283568Analyzed
2v2 RM · 25d ago on Sep 8, 2026· 66m 32s· 4 players
Game mode
Random Map
Map size
Medium (4 player)
Population
200
Speed
Normal
Resources
Standard
Victory
Conquest
Starting age
Dark Age
Ending age
Imperial Age
RankedLock teamsTeams togetherTeam positionsShared explorationLock speedFull tech treeHidden civsTurbo modeCheats
Victory
Defeat
🇬🇧 Bohemians · United Kingdom
1101
+14
🇸🇪 Japanese · Sweden
1080
+14
🇧🇪 Persians · Belgium
1078
-15
1015
-13
Thorin escudo de Roble
10:04 Feudal Age
16:48 Castle Age
15:03 Double-Bit Axe
15:28 Stone Mining
15:43 Horse Collar
17:07 Wheelbarrow
16:26 Gold Mining
25:03 Hand Cart
25:51 Gold Shaft Mining
27:01 Burgundian Vineyards
27:10 Heavy Plow
27:15 Fletching
28:08 Bow Saw
28:42 Crop Rotation
29:52 Two-Man Saw
29:37 Bodkin Arrow
33:01 Imperial Age
30:50 Husbandry
30:13 Cavalier
31:16 Scale Barding Armor
31:22 Forging
32:28 Chain Barding Armor
32:09 Padded Archer Armor
33:05 Ballistics
33:45 Iron Casting
34:05 Conscription
34:50 Chemistry
34:44 Plate Barding Armor
35:29 Leather Archer Armor
39:04 Paladin
54:26 Blast Furnace
60:03 Flemish Revolution
60:41 Scale Mail Armor
61:45 Chain Mail Armor
61:50 Squires
61:35 Arson
D-Zine
1:36 Loom
12:13 Feudal Age
12:39 Double-Bit Axe
13:15 Horse Collar
17:26 Wheelbarrow
17:04 Fishing Lines
17:54 Forging
20:54 Castle Age
19:21 Scale Barding Armor
21:23 Gold Mining
22:15 Bloodlines
22:46 Iron Casting
25:50 Chain Barding Armor
30:09 Imperial Age
28:05 Bow Saw
29:26 Gillnets
29:43 Fletching
31:27 Chemistry
31:23 Kamandaran
33:18 Cavalier
34:20 Padded Archer Armor
36:42 Crossbowman
37:28 Thumb Ring
38:33 Savar
40:06 Plate Barding Armor
40:04 Caravan
42:01 Two-Man Saw
41:28 Ballistics
42:12 Blast Furnace
41:08 Bodkin Arrow
41:42 Husbandry
43:28 Citadels
45:49 Leather Archer Armor
49:13 Ring Archer Armor
s m i f f y
0:41 Loom
12:26 Feudal Age
17:14 Castle Age
16:13 Town Watch
16:33 Double-Bit Axe
23:59 Horse Collar
25:16 Wheelbarrow
29:00 Imperial Age
28:31 Chemistry
28:03 Heavy Plow
28:43 Fortified Wall
29:39 Hand Cart
30:32 Pikeman
31:13 Squires
31:25 Forging
31:15 Scale Mail Armor
31:48 Bow Saw
31:48 Town Patrol
32:09 Hand Cart
31:43 Arson
33:03 Caravan
34:31 Siege Engineers
34:54 Conscription
36:26 Halberdier
37:37 Chain Mail Armor
38:54 Iron Casting
38:49 Plate Mail Armor
38:59 Plate Mail Armor
40:03 Man-at-Arms
42:42 Houfnice
44:15 Long Swordsman
45:57 Two-Handed Swordsman
49:20 Fletching
51:24 Blast Furnace
50:19 Bodkin Arrow
50:50 Bodkin Arrow
51:22 Ballistics
50:58 Murder Holes
51:45 Champion
66:54 Bracer
MehTy
0:53 Loom
10:53 Feudal Age
16:30 Castle Age
19:34 Wheelbarrow
18:48 Fishing Lines
25:17 Double-Bit Axe
27:07 Hand Cart
28:13 Bow Saw
29:04 Fletching
29:16 Caravan
30:53 Bodkin Arrow
33:58 Imperial Age
31:39 Gillnets
35:02 Bracer
35:07 Yasama
35:00 Guard Tower
35:40 Kataparuto
36:30 Two-Man Saw
35:39 Arrowslits
36:16 Siege Engineers
37:01 Padded Archer Armor
37:14 Forging
37:05 Scale Mail Armor
37:33 Shipwright
37:25 Careening
36:58 Treadmill Crane
37:30 Fortified Wall
37:35 Masonry
37:26 Elite Samurai
38:45 Iron Casting
39:41 Chemistry
39:05 Ballistics
40:11 Keep
43:33 Chain Mail Armor
44:19 Blast Furnace
45:30 Hoardings
47:24 Plate Mail Armor
47:58 Pikeman
48:39 Squires
48:57 Halberdier
Connection lost

Rejoining the realm…

Still unreachable

The connection could not be restored.

Session expired

The server has moved on; the page needs a fresh start.